 Dungeon Crawl Stone Soup version 0.27-a0-34-gc18c9092ac (webtiles) character file.

Game seed: 11260727850431919002

66 pistachioham the Vexing (level 3, -4/20 HPs)
             Began as a Deep Elf Arcane Marksman on Jan 4, 2021.
             Slain by an orc
             ... wielding a +0 war axe
              (6 damage)
             ... on level 4 of the Dungeon.
             The game lasted 00:13:23 (4226 turns).

pistachioham the Vexing (Deep Elf Arcane Marksman)  Turns: 4226, Time: 00:13:23

Health: -4/20      AC:  3    Str:  4 (7)  XL:     3   Next: 96%
Magic:  9/9        EV: 13    Int: 14 (17) God:
Gold:   85         SH:  0    Dex: 13 (16) Spells: 5/8 levels left

rFire    . . .     SeeInvis .   a - +0 shortbow
rCold    . . .     Faith    .   (shield currently unavailable)
rNeg     . . .     Spirit   .   e - +0 robe
rPois    .         Reflect  .   q - +1 hat
rElec    .         Harm     .   (no cloak)
rCorr    .         Rampage  .   (no gloves)
Will     .....                  (no boots)
Stlth    +.........             (no amulet)
HPRegen  0.06/turn              (no ring)
MPRegen  0.11/turn              (no ring)

@: slowed, very slow
A: no striking features
a: no special abilities


You were on level 4 of the Dungeon.
You visited 1 branch of the dungeon, and saw 4 of its levels.

You collected 85 gold pieces.

Inventory:

Hand Weapons
 a - a +0 shortbow (weapon)
 b - a +0 dagger of draining
Missiles
 d - 36 arrows (quivered ammo)
Armour
 e - a +0 robe (worn)
 q - a +1 hat (worn)
 t - a +2 leather armour of fire resistance
Wands
 p - a wand of acid (5)
Scrolls
 c - 2 scrolls of magic mapping {unknown}
 f - 2 scrolls of remove curse {unknown}
 h - 2 scrolls of identify {unknown}
 i - a scroll of teleportation {unknown}
 j - a scroll of enchant armour {unknown}
 m - a scroll of fear {unknown}
 r - a scroll of enchant weapon {unknown}
Potions
 k - a potion of flight {unknown}
 l - a potion of attraction {unknown}
 n - a potion of lignification {unknown}
 o - a potion of ambrosia {unknown}
 s - a potion of curing {unknown}
 u - a potion of berserk rage {unknown}


   Skills:
 - Level 0.7 Fighting
 + Level 3.9 Bows
 - Level 2.4 Dodging
 + Level 3.2 Spellcasting
 + Level 5.0 Hexes


You had 5 spell levels left.
You knew the following spells:

 Your Spells              Type           Power        Failure   Level
a - Corona                Hex            17%          2%          1
b - Slow                  Hex            16%          4%          2

Your spell library contained the following spells:

 Spells                   Type           Power        Failure   Level
 Inner Flame              Hex/Fire       9%           22%         3
 Portal Projectile        Hex/Tloc       18%          22%         3
 Cause Fear               Hex            8%           26%         4
 Leda's Liquefaction      Hex/Erth       4%           58%         4


Dungeon Overview and Level Annotations

Branches:
Dungeon (4/15)
 Temple: D:4-7

Altars:

Annotations:
D:4 1 runed translucent door, 1 exclusion


Message History

You shoot an arrow. The arrow closely misses the orc.
The arrow barely misses the orc wizard.
The orc wizard miscasts a cantrip.
Unknown command.
The orc wizard casts a spell at you.
You feel yourself slow down. The orc wizard casts a spell at you.
The puff of frost hits you!
The orc wizard gestures at you while chanting.
The magic dart hits you.
* * * LOW HITPOINT WARNING * * *
The orc wizard sings a few bars from the Orcish anthem.
The orc wizard mumbles some strange words.
The orc wizard blinks!
The orc wizard miscasts a cantrip.
It was a potion of degeneration.
There was something very wrong with that liquid.
You feel weakened.
You feel dopey.
You feel clumsy. The orc hits you with a +0 war axe.
You die...

...................
.......$..o........
...................
...................
.....?....o........
...................
...................
..........o........
.#########@###.....
#.# #### #.# ####
########## #.# ....#
#........###.###
.....#
#.######.##....#
...... #.#
###.##....# ......
#.#
#.........####......
#.#
#.........#........#


You could see 2 orc wizards and an orc.

Vanquished Creatures
  An adder (D:3)
  An ooze (D:2)
  3 worms
  A dart slug (D:1)
  2 leopard geckos
  An orc (D:3)
  A ball python (D:3)
  3 bats
  4 giant cockroaches
  2 goblins
  3 hobgoblins
  A quokka (D:2)
  3 frilled lizards
  9 kobolds
  5 rats
40 creatures vanquished.

Notes
Turn   | Place    | Note
-------+----------+-------------------------------------------
     0 | D:1      | pistachioham the Deep Elf Arcane Marksman began the quest
                  | for the Orb.
     0 | D:1      | Reached XP level 1. HP: 11/11 MP: 5/5
   884 | D:1      | Reached XP level 2. HP: 16/16 MP: 5/7
  1553 | D:1      | Learned a level 2 spell: Slow
  2240 | D:2      | Reached XP level 3. HP: 20/20 MP: 6/8
  3337 | D:3      | Reached skill level 5 in Hexes
  4170 | D:4      | Found a runed translucent door.
  4226 | D:4      | Slain by an orc

Illustrated notes

Levels and vault maps discovered:
D:1:      dpeg_arrival_water_fire, layout_basic
D:2:      layout_loops_ring
D:3:      layout_basic, solitary_fountain
D:4:      layout_basic, serial_shops, shop, uniq_crazy_yiuf_cottage,
          uniq_eustachio

Skill      XL: |  1  2  3 |
---------------+----------+-----
Bows           | 3 |  3.9
Spellcasting   | 2 3 |  3.2
Hexes          | 5 |  5.0
Fighting       | |  0.7
Dodging        | |  2.4

Action                   || total
-------------------------++-------
Melee: Short sword       ||    41
 Fire: Shortbow          ||   105
 Cast: Corona            ||    24
  Use: Potion            ||     1
Armor: Robe              ||     6
Dodge: Dodged            ||    56

Table legend: (Time is in decaauts)
 A = Elapsed time spent in this place.
 B = Non-inter-level travel time spent in this place.
 C = Inter-level travel time spent in this place.
 D = Time resting spent in this place.
 E = Time spent auto-exploring this place.
 F = Levels seen in this place.
 G = Mean time per level.
                   A        B        C        D        E       F      G
               +--------+--------+--------+--------+--------+-----+--------+
         Total |   4239 |   4043 |    196 |   1122 |   1243 |   4 | 1059.8 |
       Dungeon |   4239 |   4043 |    196 |   1122 |   1243 |   4 | 1059.8 |
               +--------+--------+--------+--------+--------+-----+--------+

Top non-repeatable levels by time:
     D:1: 1604 daAuts
     D:3: 1229 daAuts
     D:2: 1075 daAuts
     D:4: 331 daAuts
